 Dungeon Crawl Stone Soup version 0.24.0-123-gd5b16e6ec5 (webtiles) character file.

Game seed: 14931160237696173620, levelgen mode: deterministic

508 Mesmaeker13 the Digger (level 6, -3/45 HPs)
             Began as a Draconian Earth Elementalist on Feb 4, 2020.
             Killed by divine providence
             ... invoked by an orc priest
              (14 damage)
             ... on level 5 of the Dungeon.
             The game lasted 00:06:15 (4730 turns).

Mesmaeker13 the Digger (DrEE)                       Turns: 4730, Time: 00:06:15

Health: -3/45      AC:  8    Str: 11    XL:     6   Next: 98%
Magic:  1/10       EV: 13    Int: 17    God:
Gold:   152        SH:  0    Dex: 11    Spells: 7/11 levels left

rFire    . . .     SeeInvis .   r - +2 trident (flame)
rCold    . . .     Gourm    .   (no shield)
rNeg     . . .     Faith    .   (armour unavailable)
rPois    .         Spirit   .   (helmet restricted)
rElec    .         Reflect  .   t - +0 cloak
rCorr    .         Harm     .   (no gloves)
MR       .....                  n - +0 pair of boots
Stlth    ++........             (no amulet)
HPRegen  0.15/turn              (no ring)
MPRegen  0.12/turn              (no ring)

@: no status effects
A: unfitting armour, cold-blooded, AC +6
a: no special abilities


You were on level 5 of the Dungeon.
You were not hungry.

You visited 1 branch of the dungeon, and saw 5 of its levels.

You collected 152 gold pieces.

Inventory:

Hand Weapons
 m - a +1 dagger of venom
 q - a +1 dagger of pain
 r - a +2 trident of flaming (weapon)
Missiles
 b - 63 stones
 o - 20 poisoned darts (quivered)
Armour
 n - a +0 pair of boots (worn)
 t - a +0 cloak (worn)
Magical Staves
 i - an uncursed staff of air
Wands
 x - a wand of random effects (23)
Scrolls
 a - a scroll of noise {unknown}
 e - a scroll of amnesia {unknown}
 f - 2 scrolls of enchant armour
 g - a scroll of magic mapping {unknown}
 h - 2 scrolls of remove curse
 l - a scroll of identify
 p - a scroll of fear
Potions
 d - a potion of lignification {unknown}
 j - 2 potions of curing {unknown}
 k - a potion of berserk rage {unknown}
 s - a potion of magic {unknown}
 v - a potion of invisibility {unknown}
 w - a potion of haste {unknown}
 z - a potion of ambrosia {unknown}
Comestibles
 c - 6 rations
 u - 2 chunks of flesh


   Skills:
 + Level 4.2 Dodging
 - Level 1.7 Stealth
 - Level 3.0 Spellcasting
 + Level 3.1 Conjurations
   Level 1.0 Transmutations
 + Level 5.1 Earth Magic


You had 7 spell levels left.
You knew the following spells:

 Your Spells              Type           Power        Failure   Level  Hunger
a - Sandblast             Erth           ###...       1%          1    None
b - Stone Arrow           Conj/Erth      ###...       10%         3    ###....

Your spell library contained the following spells:

 Spells                   Type           Power        Failure   Level  Hunger
 Passwall                 Tmut/Erth      ##......     8%          2    ##.....
 Petrify                  Tmut/Erth      ##......     43%         4    ####...
 Lee's Rapid Deconstruct  Erth           ###.......   50%         5    ######.


Dungeon Overview and Level Annotations

Branches:
Dungeon (5/15)
 Temple: D:4-7

Altars:
Nemelex Xobeh
Yredelemnul
Zin

Shops:
D:3 *

Annotations:
D:4 Edmund


Innate Abilities, Weirdness & Mutations

Your plain brown scales are hard. (AC +6)
You cannot fit into any form of body armour.
You are cold-blooded and may be slowed by cold attacks.


Message History

Casting: Sandblast (safe; 2% risk of failure)
Confirm with . or Enter, or press ? or * to list all spells.
Aiming: Sandblast (safe; 2% risk of failure)
Press: ? - help, Shift-Dir - straight line, f/p - iguana
Aim: an iguana (severely wounded)
The blast of sand hits the iguana!
You kill the iguana!
b - 64 stones
Casting: Sandblast (safe; 1% risk of failure)
Confirm with . or Enter, or press ? or * to list all spells.
Aiming: Sandblast (safe; 1% risk of failure)
Press: ? - help, Shift-Dir - straight line, f - orc
Aim: an orc, wielding a -2 hand axe The blast of sand hits the orc!
You kill the orc!
b - 63 stones An iguana comes into view.
The orc priest mumbles some strange prayers to Beogh against you.
Beogh smites you!
You die...

.# .... .... ...
.......# ## ..# ...
.#....# .. #### #.#####
.. .#...o###.# .##
###.. #.....
......#.....
....#...####..##
.#....##..##
...............#####
..##.##.o..
....##.####........#
#.##.##†.## . #..#
#.....@.5####.#........
#<##
#.........oo.l)÷#...###
#.#
#........###.####...#
..# #........# #..#
#..## ..## ########.#
##.# #... ..# #.# +#
##..# ### #.# #... #.#
#.... #.# .....


You could see an iguana (wandering), an orc priest, a shadow imp and an orc.

Vanquished Creatures
  A phantom (D:4)
  A howler monkey (D:5)
  Crazy Yiuf (D:2)
  A hound (D:4)
  2 bullfrog skeletons (D:4)
  An iguana (D:5)
  An orc wizard (D:3)
  2 worker ants (D:4)
  7 adders
  2 oozes (D:2)
  3 dart slugs
  2 leopard geckos
  9 orcs
  10 giant cockroaches
  7 goblins
  5 hobgoblins
  10 jackals
  9 kobolds
  2 quokkas
  A ball python skeleton (D:4)
  7 bats
  4 frilled lizards
  A leopard gecko zombie (D:5)
  3 rats
  A spectral orc (D:3)
93 creatures vanquished.

Notes
Turn   | Place    | Note
-------+----------+-------------------------------------------
     0 | D:1      | Mesmaeker13 the Draconian Earth Elementalist began the
                  | quest for the Orb.
     0 | D:1      | Reached XP level 1. HP: 14/14 MP: 3/3
   659 | D:1      | Reached XP level 2. HP: 11/20 MP: 5/5
  1448 | D:2      | Found a faded altar of an unknown god.
  1457 | D:2      | Reached XP level 3. HP: 26/26 MP: 3/6
  1590 | D:2      | Found a sparkling altar of Nemelex Xobeh.
  2005 | D:2      | Reached XP level 4. HP: 33/33 MP: 8/8
  2228 | D:2      | Found a runed translucent door.
  2229 | D:2      | Noticed Crazy Yiuf
  2575 | D:3      | Found Zin's Purification Station.
  2586 | D:3      | Found a glowing silver altar of Zin.
  2763 | D:3      | Learned a level 3 spell: Stone Arrow
  3047 | D:3      | Found a basalt altar of Yredelemnul.
  3107 | D:4      | Reached skill level 4 in Earth Magic
  3133 | D:3      | Reached XP level 5. HP: 27/38 MP: 3/9
  3259 | D:4      | Reached skill level 1 in Conjurations
  3315 | D:4      | Noticed Edmund
  3765 | D:2      | Killed Crazy Yiuf
  4061 | D:4      | Reached XP level 6. HP: 45/45 MP: 7/10
  4381 | D:4      | Reached skill level 5 in Earth Magic
  4661 | D:5      | Entered Level 5 of the Dungeon
  4730 | D:5      | Killed from afar by an orc priest

Levels and vault maps discovered:
D:1:      onia_arrival_pentagram, layout_basic
D:2:      layout_loops_cross, lemuel_crystal_altar,
          chequers_ecumenical_altar_island, uniq_crazy_yiuf_cottage
D:3:      layout_loops_ring, yredelemnul_forgotten_temple_becter, zin_purify
D:4:      layout_cave_pools, first_ration, serial_bayou_lagoon_a, uniq_edmund
D:5:      layout_rooms, enter_ossuary_5, minmay_fountain_box

Skill      XL: |  1  2  3  4  5  6 |
---------------+-------------------+-----
Dodging        | 2 3 4 |  4.2
Spellcasting   | 3 |  3.0
Earth Magic    | 4 5 |  5.1
Conjurations   | 2 3 |  3.1
Stealth        | |  1.7
Transmutations | |  1.0

Action                   |  1- 3 |  4- 6 || total
-------------------------+-------+-------++-------
Melee: Dagger            |    55 |    91 ||   146
       Unarmed           |     7 |       ||     7
       Tailslap          |    10 |    12 ||    22
       Hand axe          |    73 |       ||    73
       Spear             |    20 |       ||    20
       Trident           |       |    34 ||    34
Throw: Dart              |       |     5 ||     5
 Cast: Sandblast         |    11 |    42 ||    53
       Stone Arrow       |       |     3 ||     3
  Use: Scroll            |     1 |     3 ||     4
 Stab: Sleeping          |     1 |     4 ||     5
  Eat: Chunk             |     4 |     5 ||     9
       Ration            |       |     1 ||     1
Armor: Skin              |    43 |    41 ||    84
Dodge: Dodged            |   121 |   102 ||   223
